cohdb
Replays
Latest Replays
All Replays
Popular Replays
Top Player Replays
Match Explorer
How It Works
Community
CoH3 Stats
Reddit
Sign in to upload your games and track your stats! →
Sign in with Steam
Match 39547911
Unlisted
Match 39547911
Overview
Messages
Build Orders
End
Construct Weapon Support Center
Selects Heavy Weapons
Engineer Squad
M1919 Machine Gun Team
M1919 Machine Gun Team
Mechanized Support Center
M3 Armored Personnel Carrier
Construct Barracks
Selects Assault Carriers
Riflemen Squad
Bazooka Squad
Riflemen Squad
Selects Exchangeable Parts
M3 Assault Carrier
M3 Assault Carrier
M3 Assault Carrier
Engineer Squad
M3 Assault Carrier
Construct Tank Depot
Designate Forward Repair Station
Scout Squad
M4(105) Sherman Bulldozer
M18 Hellcat Tank Destroyer
M18 Hellcat Tank Destroyer
Selects M26 Pershing Heavy Tank
Selects M2HB .50cal Heavy Machine Gun
Herald of Tzeench
PresidentBeluga
>>>---[APACHON]--->
[EL] Brother Captain Specmarine
RON
=[TLKDC]=TheLizardKingDC
Buffallobang
Mo-J
0
0
Comments
sign in to comment!
No comments posted yet!